 Dungeon Crawl Stone Soup version 0.28.0-1-gb440e238dd (webtiles) character file.

Game seed: 1523329600616627243

61 avis the Chopper (level 4, -1/42 HPs)
             Began as a Hill Orc Monk on Feb 20, 2022.
             Slain by a gnoll (7 damage)
             ... on level 2 of the Dungeon.
             The game lasted 00:03:42 (1155 turns).

avis the Chopper (Hill Orc Monk)                    Turns: 1155, Time: 00:03:43

Health: -1/42      AC:  5    Str: 15    XL:     4   Next: 7%
Magic:  4/4        EV: 11    Int: 10    God:
Gold:   68         SH:  0    Dex: 13    Spells: 3/3 levels left

rFire   . . .      SeeInvis .   a - +0 hand axe
rCold   . . .      Faith    .   (no shield)
rNeg    . . .      Spirit   .   e - +0 ring mail
rPois   .          Reflect  .   (no helmet)
rElec   .          Harm     .   (no cloak)
rCorr   +          Rampage  .   (no gloves)
Will    .....                   (no boots)
Stlth   +.........              (no amulet)
HPRegen 0.14/turn               f - ring of resist corrosion
MPRegen 0.09/turn               g - ring of resist corrosion

@: no status effects
A: no striking features
a: no special abilities


You were on level 2 of the Dungeon.
You visited 1 branch of the dungeon, and saw 2 of its levels.

You collected 68 gold pieces.

Inventory:

Hand Weapons
 a - a +0 hand axe (weapon)
Missiles
 d - 26 stones (quivered)
 j - 10 arrows
 k - 9 bolts
Armour
 e - a +0 ring mail (worn)
Jewellery
 f - a ring of resist corrosion (left hand)
 g - a ring of resist corrosion (right hand)
 l - a +4 ring of evasion
Scrolls
 b - a scroll of identify {unknown}
 c - 2 scrolls of amnesia {unknown}
 i - a scroll of blinking {unknown}
 m - a scroll of holy word {unknown}
Potions
 h - 2 potions of flight {unknown}
 n - a potion of degeneration {unknown}


   Skills:
 - Level 5.0 Fighting
 * Level 5.2 Axes
 - Level 2.4 Dodging
 - Level 1.5 Stealth


You had 3 spell levels left.
You didn't know any spells.
Your spell library was empty.

Dungeon Overview and Level Annotations

Branches:
Dungeon (2/15)

Altars:


Message History

You slash the gnoll!
The gnoll is severely wounded.
The gnoll hits you with a +0 club.
You hit the gnoll.
The gnoll is almost dead.
The gnoll hits you with a +0 club.
You closely miss the gnoll.
The gnoll is almost dead.
The gnoll hits you with a +0 club.
You hit the gnoll.
You kill the gnoll!
You barely miss the gnoll.
The gnoll is heavily wounded.
The gnoll hits you with a +0 whip. x2
* * * LOW HITPOINT WARNING * * *
You hit the gnoll.
You kill the gnoll!
Training target 5.0 for Fighting reached!
Your Fighting skill increases to level 5!
You need to enable at least one skill for training.
You have reached level 4!
You barely miss the gnoll. The gnoll closely misses you.
You completely miss the gnoll. The gnoll closely misses you.
You hit the gnoll but do no damage. The gnoll barely misses you.
You hit the gnoll.
The gnoll is moderately wounded.
The gnoll barely misses you.
You hit the gnoll.
The gnoll is moderately wounded.
The gnoll hits you with a +0 flail.
* * * LOW HITPOINT WARNING * * *
You hit the gnoll.
The gnoll is moderately wounded.
The gnoll hits you with a +0 flail.
* * * LOW HITPOINT WARNING * * *
You hit the gnoll but do no damage.
The gnoll is moderately wounded.
The gnoll closely misses you. The gnoll hits you with a +0 flail!
You die...

#..#######....###.#
#..# ##†#>......
#..# #.##.##.###
#..# ##.#.#.## #..#
##...# #..# ##<##
#.#### #.# #....#
#.. #.##@# ####
#.#.##g###
#........#
.....##.#.#
##....#.#)#
#......#.#
#....#.#.####
.#.......#
......#.......#


You could see a gnoll.

Vanquished Creatures
  2 gnolls (D:2)
  2 adders (D:2)
  2 ball pythons (D:1)
  2 bats (D:2)
  4 endoplasms
  3 giant cockroaches (D:1)
  2 goblins (D:1)
  A hobgoblin (D:1)
  A jackal (D:1)
  A kobold (D:1)
  A rat (D:1)
21 creatures vanquished.

Notes
Turn   | Place    | Note
-------+----------+-------------------------------------------
     0 | D:1      | avis the Hill Orc Monk began the quest for the Orb.
     0 | D:1      | Reached XP level 1. HP: 19/19 MP: 1/1
   242 | D:1      | Found a faded altar of an unknown god.
   346 | D:1      | Reached XP level 2. HP: 27/27 MP: 2/2
   961 | D:2      | Reached skill level 5 in Axes
   961 | D:2      | Reached XP level 3. HP: 24/34 MP: 3/3
  1146 | D:2      | Reached skill level 5 in Fighting
  1146 | D:2      | Reached XP level 4. HP: 8/42 MP: 4/4
  1155 | D:2      | Slain by a gnoll

Illustrated notes

Levels and vault maps discovered:
D:1:      dpeg_arrival_circle_labyrinth_c, layout_loops_ring,
          hellmonk_ecumenical_altar_zigzags, minmay_tetromino_s2
D:2:      layout_loops_cross, st_stairs_13, uniq_crazy_yiuf_cottage

Skill      XL: |  1  2  3 |
---------------+----------+-----
Fighting       | 4 5 |  5.0
Axes           | 5 |  5.2
Dodging        | |  2.4
Stealth        | |  1.5

Action                   |  1- 3 |  4- 6 || total
-------------------------+-------+-------++-------
Melee: Hand axe          |    68 |     7 ||    75
       Punch             |     2 |       ||     2
Armor: Ring mail         |    17 |       ||    17
Dodge: Dodged            |    34 |     5 ||    39
